 Dungeon Crawl Stone Soup version 0.30-a0-364-gf6b3ef1049 (webtiles) character file.

Game seed: 11564882572444675468

44 Manisian the Poker (level 3, 0/28 HPs)
             Began as a Merfolk Gladiator on Nov 15, 2022.
             Constricted to death by Robin (3 damage)
             ... on level 2 of the Dungeon.
             The game lasted 00:02:52 (1096 turns).

Manisian the Poker (Merfolk Gladiator)              Turns: 1096, Time: 00:02:54

Health: 0/28       AC:  4    Str: 16    XL:     3   Next: 62%
Magic:  3/3        EV: 10    Int:  7    God:
Gold:   51         SH:  0    Dex: 15    Spells: 2/2 levels left

rFire   . . .      SeeInvis .    a - +0 trident
rCold   . . .      Faith    .    (no shield)
rNeg    . . .      Spirit   .    b - +0 leather armour
rPois   .          Reflect  .    c - +0 helmet
rElec   .          Harm     .    (no cloak)
rCorr   .          Rampage  .    (no gloves)
Will    .....                    (no boots)
Stlth   +.........               (no amulet)
HPRegen 0.24/turn                (no ring)
MPRegen 0.08/turn                (no ring)

@: grasped by roots, constricted
A: (nimble swimmer 2), mertail
a: no special abilities


You were on level 2 of the Dungeon.
You visited 1 branch of the dungeon, and saw 2 of its levels.

You collected 51 gold pieces.

Inventory:

Hand Weapons
 a - a +0 trident (weapon)
Missiles
 d - a throwing net (quivered)
 e - a javelin
 j - 6 poisoned darts
 m - 6 boomerangs of dispersal
Armour
 b - a +0 leather armour (worn)
 c - a +0 helmet (worn)
Jewellery
 l - an amulet of faith
Scrolls
 g - a scroll of teleportation {unknown}
 i - 2 scrolls of identify
Potions
 f - a potion of flight {unknown}
 h - a potion of resistance {unknown}
 k - 2 potions of brilliance


   Skills:
 + Level 2.6 Fighting
 + Level 4.7 Polearms
 + Level 2.1 Throwing
 + Level 0.6 Armour
 + Level 4.6 Dodging
 + Level 0.2 Stealth


You had 2 spell levels left.
You didn't know any spells.
Your spell library was empty.

Dungeon Overview and Level Annotations

Branches:
Dungeon (2/15)

Altars:

Annotations:
D:2 Robin


Innate Abilities, Weirdness & Mutations

((You are very nimble when in or above water. (Stealth+, EV+, Speed+++)))
Your lower body shifts to a powerful aquatic tail in water.


Message History

Robin struggles against the net.
The net rips apart, and Robin comes free!
A rat comes into view.
The goblin hits you with a +0 club.
As you read the scroll labelled YMYEN OSIOPN, it crumbles to dust.
It is a scroll of identify.
k - 2 potions of brilliance The goblin hits you with a +0 club.
You hit Robin but do no damage. Robin barely misses you.
A frilled lizard comes into view.
The goblin hits you with a +0 club.
* * * LOW HITPOINT WARNING * * *
Unknown command.
The frilled lizard hisses angrily.
You hit the rat but do no damage.
A hobgoblin comes into view.
Robin hits you but does no damage. The rat bites you but does no damage.
The goblin misses you.
Unknown command.
You closely miss the rat. Robin hits you with a +0 club.
* * * LOW HITPOINT WARNING * * *
The goblin hits you but does no damage. The rat barely misses you.
Unknown command.
As you read the scroll labelled MATTYM WECEUSI, it crumbles to dust.
You assume a fearsome visage.
Robin looks frightened!
The hobgoblin looks frightened!
The goblin looks frightened!
The hobgoblin looks frightened!
The rat looks frightened!
The frilled lizard looks frightened!
It was a scroll of fear.
Unknown command.
Throw: 2 throwing nets
Press: ? - help, Q - select action, (/) - cycle Shift-Dir - straight line, f/p - Robin
Aim: Robin, wielding a +0 club, wearing a +0 animal skin, wearing a +0 helmet and carrying a wand of roots (7) (fleeing, 68% to hit)
You throw a throwing net. The throwing net hits Robin.
Robin is caught in the net!
Your attack snaps Robin out of their fear.
A quokka comes into view.
Robin zaps a wand.
The roots erupt in riotous growth!
The grasping roots grab you! The grasping roots constrict you.
You die...

##.#....>...##.....
#.................#
#.###.#.....#......# #
##.....#.##......
####.##.....##.........
....................
###.#....†.......#
#..l..)g###....#
#....##.>g..@.r...#
#.##. #....##.g...# .
#....# #r..... ♣♣~♣♣.
.g.... ♣♣♣ ~~ ...#. ~~~
~♣... ~~~~ ♣~#. ~~♣ #


You could see Robin (caught), a quokka, 2 hobgoblins, a goblin (strong,
fleeing), a frilled lizard (fleeing) and a rat (fleeing).

Vanquished Creatures
  An adder (D:2)
  2 dart slugs
  4 ball pythons
  3 endoplasms
  7 goblins (D:2)
  5 hobgoblins
  A quokka (D:1)
  A frilled lizard (D:1)
  2 kobolds (D:1)
  3 rats
29 creatures vanquished.

Vanquished Creatures (others)
  14 plants (D:2)
14 creatures vanquished.

Grand Total: 43 creatures vanquished

Notes
Turn   | Place    | Note
-------+----------+-------------------------------------------
     0 | D:1      | Manisian the Merfolk Gladiator began the quest for the Orb.
     0 | D:1      | Reached XP level 1. HP: 16/16 MP: 1/1
   203 | D:1      | Reached XP level 2. HP: 22/22 MP: 2/2
   798 | D:2      | Reached XP level 3. HP: 28/28 MP: 3/3
  1075 | D:2      | Noticed Robin
  1096 | D:2      | Constricted to death by Robin

Illustrated notes

Levels and vault maps discovered:
D:1:      scummos_arrival_simple_crosswalls, layout_basic
D:2:      layout_rooms, serial_bayou, serial_bayou_lake_a,
          serial_bayou_crossing, serial_bayou_pond_e, serial_bayou_shore_a,
          uniq_robin, uniq_crazy_yiuf_cottage

Action                   || total
-------------------------++-------
Melee: Trident           ||    93
       Punch             ||     1
Throw: Throwing net      ||     2
  Use: Scroll            ||     3
 Stab: Sleeping          ||     1
Armor: Leather armour    ||    19
Dodge: Dodged            ||    51

Table legend: (Time is in decaauts)
 A = Elapsed time spent in this place.
 B = Non-inter-level travel time spent in this place.
 C = Inter-level travel time spent in this place.
 D = Time resting spent in this place.
 E = Time spent auto-exploring this place.
 F = Levels seen in this place.
 G = Mean time per level.
                   A        B        C        D        E       F      G
               +--------+--------+--------+--------+--------+-----+--------+
         Total |   1100 |   1065 |     35 |    271 |    473 |   2 |  550.0 |
       Dungeon |   1100 |   1065 |     35 |    271 |    473 |   2 |  550.0 |
               +--------+--------+--------+--------+--------+-----+--------+

Top non-repeatable levels by time:
     D:1: 771 daAuts
     D:2: 329 daAuts
